 Dungeon Crawl Stone Soup version 0.20.1-1-g8b1a95d (webtiles) character file.

427 equalderp2856 the Chopper (level 6, -1/56 HPs)
             Began as a Minotaur Fighter on July 26, 2017.
             Succumbed to a killer bee's poison
             ... on level 8 of the Dungeon.
             The game lasted 00:11:48 (4071 turns).

equalderp2856 the Chopper (Minotaur Fighter)        Turns: 4071, Time: 00:11:48

Health: -1/56      AC:  7    Str: 25      XL:     6   Next: 65%
Magic:  5/5        EV:  8    Int:  5      God:
Gold:   160        SH: 11    Dex: 11 (12) Spells: 5/5 levels left

rFire    . . .     SeeInvis .   u - -3 hunting sling (curse)
rCold    . . .     Gourm    .   c - +1 shield
rNeg     . . .     Faith    .   b - +0 scale mail
rPois    .         Spirit   .   (helmet restricted)
rElec    .         Reflect  .   (no cloak)
rCorr    .         Harm     .   (no gloves)
MR       .....                  (no boots)
Stlth    ..........             (no amulet)
Regen    0.2/turn               (no ring)
MPRegen  0.1/turn               (no ring)

@: mighty, lethally poisoned (-1 -> -39)
A: retaliatory headbutt, horns 2
a: no special abilities


You were on level 8 of the Dungeon.
You were not hungry.

You visited 1 branch of the dungeon, and saw 6 of its levels.

You collected 160 gold pieces.

Inventory:

Hand Weapons
 a - a +1 war axe
 u - a cursed -3 hunting sling (weapon)
 v - a +0 whip of holy wrath
Missiles
 e - 35 sling bullets (quivered)
 g - 122 stones
 p - 29 bolts
 t - 10 poisoned needles
 y - 2 tomahawks
Armour
 b - a +0 scale mail (worn)
 c - a +1 shield (worn)
 o - the +3 ring mail "Jikoz" {-Tele rPois rCorr Str+3, unknown}
   (You found it on level 7 of the Dungeon)

   It affects your strength (+3).
   It protects you from poison.
   It prevents most forms of teleportation.
   It protects you from acid and corrosion.
 A - a +0 chain mail
Jewellery
 k - an uncursed ring of wizardry {unknown}
 l - a +5 ring of strength {unknown}
Wands
 x - a wand of random effects (48/48)
Scrolls
 i - 2 scrolls of enchant armour
 w - 2 scrolls of identify
Potions
 h - 2 potions of agility
 n - a potion of flight
Books
 m - a book of Air

   Spells                             Type                      Level
   a - Shock                          Conjuration/Air              1
   b - Swiftness                      Charms/Air                   2
   c - Static Discharge               Conjuration/Air              3
   d - Airstrike                      Air                          4
   e - Lightning Bolt                 Conjuration/Air              5
Comestibles
 f - 3 bread rations
 j - a meat ration


   Skills:
 + Level 5.0 Fighting
 + Level 5.1 Axes
 + Level 1.3 Slings
 + Level 5.1 Armour
 + Level 1.8 Dodging
 + Level 0.3 Stealth
 + Level 5.0 Shields


You had 5 spell levels left.
You didn't know any spells.

Dungeon Overview and Level Annotations

Branches:
Dungeon (8/15)             Temple (0/1) D:4
   Lair: D:8-11

Altars:
Dithmenos
Makhleb
Sif Muna
Vehumet
Xom
Zin

Shops:
D:7 *

Annotations:
D:3 Grinder


Innate Abilities, Weirdness & Mutations

You reflexively headbutt those who attack you in melee.
You have a pair of horns on your head.


Message History

* * * LOW HITPOINT WARNING * * *
The killer bee misses you. The killer bee stings you.
* * * LOW HITPOINT WARNING * * *
You are more poisoned.
The killer bee poisons you!
Okay, then.
Okay, then.
Okay, then.
You feel mightier all of a sudden.
* * * LOW HITPOINT WARNING * * *
You feel very sick. The killer bee stings you.
* * * LOW HITPOINT WARNING * * *
You block the killer bee's attack. x2; The killer bee barely misses you.
Firing (i - inventory. (,) - cycle):
e - 36 sling bullets (quivered)
Press: ? - help, Shift-Dir - straight line, f/p - killer bee
Aim: a killer bee (moderately wounded)
You shoot a sling bullet.
The sling bullet barely misses the killer bee.
You die...

..... +...
.... ... ...
#.. ..#
#####..####..#
........#...(#
........#....#
........#.<..#
..$....@#..$.#
.......yy....#
.......(#....#
##############


You could see 2 killer bees.

Vanquished Creatures
  A centaur (D:7)
  A quasit (D:7)
  An orc priest (D:3)
  Terence (D:3)
  2 orc wizards (D:3)
  A worker ant (D:7)
  6 adders
  2 oozes
  2 worms (D:2)
  3 dart slugs
  A leopard gecko (D:7)
  8 orcs
  6 bats
  2 giant cockroaches (D:2)
  3 goblins
  9 hobgoblins
  6 jackals
  7 kobolds
  2 quokkas (D:3)
  A ball python (D:3)
  6 frilled lizards
  3 rats
74 creatures vanquished.

Vanquished Creatures (others)
  A sky beast (D:7)
1 creature vanquished.

Grand Total: 75 creatures vanquished

Notes
Turn   | Place    | Note
-------+----------+-------------------------------------------
     0 | D:1      | equalderp2856 the Minotaur Fighter began the quest for the Orb.
     0 | D:1      | Reached XP level 1. HP: 19/19 MP: 0/0
   283 | D:1      | Reached XP level 2. HP: 27/27 MP: 1/1
  1168 | D:2      | Reached XP level 3. HP: 33/33 MP: 2/2
  1373 | D:2      | Found a radiant altar of Vehumet.
  1537 | D:2      | Reached XP level 4. HP: 35/41 MP: 3/3
  1700 | D:2      | Found a burning altar of Makhleb.
  1969 | D:3      | Found a shimmering altar of Xom.
  2087 | D:3      | Reached skill level 1 in Dodging
  2087 | D:3      | Reached XP level 5. HP: 38/47 MP: 4/4
  2396 | D:3      | Noticed Terence
  2402 | D:3      | Killed Terence
  2426 | D:3      | Found a deep blue altar of Sif Muna.
  2568 | D:3      | Found a shadowy altar of Dithmenos.
  2842 | D:3      | Noticed Grinder
  3175 | D:3      | Paralysed by Grinder for 6 turns
  3243 | D:4      | Found a staircase to the Ecumenical Temple.
  3245 | D:4      | You fall through a shaft for 3 floors!
  3396 | D:7      | Found Zin's Purification Station.
  3399 | D:7      | Found a glowing silver altar of Zin.
  3553 | D:7      | Reached XP level 6. HP: 49/55 MP: 5/5
  3599 | D:7      | Reached skill level 5 in Axes
  3616 | D:7      | Noticed a sky beast
  3635 | D:7      | Killed a sky beast
  3648 | D:7      | Reached skill level 1 in Slings
  3648 | D:7      | Reached skill level 5 in Armour
  3648 | D:7      | Reached skill level 5 in Shields
  3925 | D:7      | Reached skill level 5 in Fighting
  4046 | D:7      | Got a faintly humming ring mail
  4047 | D:7      | Noticed an orc warrior
  4071 | D:8      | Succumbed to a killer bee's poison

Skill      XL: |  1  2  3  4  5  6 |
---------------+-------------------+-----
Shields        | 4 5 |  5.0
Fighting       | 4 5 |  5.0
Armour         | 4 5 |  5.1
Axes           | 3 4 5 |  5.1
Dodging        | 1 |  1.8
Slings         | 1 |  1.3
Stealth        | |  0.3

Action                   |  1- 3 |  4- 6 || total
-------------------------+-------+-------++-------
Melee: War axe           |    72 |    96 ||   168
       Headbutt          |    12 |    19 ||    31
 Fire: Hunting sling     |       |    49 ||    49
  Use: Scroll            |       |     8 ||     8
       Potion            |       |     7 ||     7
  Eat: Chunk             |     1 |     6 ||     7
       Bread ration      |       |     1 ||     1
Armor: Scale mail        |    55 |    68 ||   123
Dodge: Dodged            |    30 |    59 ||    89
Block: Shield            |    54 |    99 ||   153
